 Dungeon Crawl Stone Soup version 0.22-a0-580-gd5db89c (webtiles) character file.

109 galech the Skirmisher (level 4, 0/49 HPs)
             Began as an Ogre Berserker on July 2, 2018.
             Was a Believer of Trog.
             Killed by divine providence
             ... invoked by an orc priest
              (8 damage)
             ... on level 3 of the Dungeon.
             The game lasted 00:04:06 (2223 turns).

galech the Skirmisher (Ogre Berserker)              Turns: 2223, Time: 00:04:07

Health: 0/49       AC:  4    Str: 22    XL:     4   Next: 89%
Magic:  4/4        EV: 10    Int:  8    God:    Trog [**....]
Gold:   178        SH:  0    Dex:  8    Spells: 3/3 levels left

rFire    . . .     SeeInvis .   a - +0 mace
rCold    . . .     Gourm    .   (no shield)
rNeg     . . .     Faith    .   b - +0 animal skin
rPois    .         Spirit   .   (helmet restricted)
rElec    .         Reflect  .   m - +0 cloak
rCorr    +         Harm     .   (gloves unavailable)
MR       .....                  (boots unavailable)
Stlth    +.........             (no amulet)
HPRegen  0.16/turn              l - ring of resist corrosion
MPRegen  0.09/turn              (no ring)

@: berserk cooldown, slowed, very slow
A: large, unfitting armour, tough skin 1
a: Berserk, Trog's Hand, Renounce Religion


You were on level 3 of the Dungeon.
You worshipped Trog.
Trog was pleased with you.
You were not hungry.

You visited 1 branch of the dungeon, and saw 3 of its levels.

You collected 178 gold pieces.

Inventory:

Hand Weapons
 a - a +0 mace (weapon)
Armour
 b - a +0 animal skin (worn)
 m - a +0 cloak (worn)
Jewellery
 l - a ring of resist corrosion (left hand)
Scrolls
 f - a scroll of amnesia {unknown}
 h - 4 scrolls of remove curse {unknown}
 k - a scroll of blinking {unknown}
Potions
 d - 2 potions of curing {unknown}
 e - a potion of mutation {unknown}
 i - a potion of brilliance {unknown}
 j - a potion of haste {unknown}
 n - a potion of invisibility
 o - a potion of lignification {unknown}
Comestibles
 c - 4 rations


   Skills:
 + Level 4.7 Fighting
 + Level 3.8 Maces & Flails
 + Level 3.5 Dodging
 + Level 0.2 Stealth


You had 3 spell levels left.
You didn't know any spells.
Your spell library was empty.

Dungeon Overview and Level Annotations

Branches:
Dungeon (3/15)

Altars:
Ashenzari
Makhleb
Ru
Sif Muna
The Shining One


Innate Abilities, Weirdness & Mutations

You are too large for most types of armour.
You have tough skin. (AC +1)


Message History

You are too injured to fight recklessly!
You are too injured to fight recklessly!
You are too injured to fight recklessly!
You are too injured to fight recklessly!
You eat one of the 5 rations.
That ration really hit the spot!
The orc priest looks encouraged for a moment.
The orc wizard barely misses you. The orc hits you with a falchion.
The orc priest hits you but does no damage.
The orc wizard hits you with a dagger.
An orc priest comes into view. It is wielding a club.
The orc priest calls upon Beogh to heal the orc.
The orc's wounds heal themselves!
The orc hits you with a falchion. The orc wizard casts a spell at you.
The puff of flame hits you!
* * * LOW HITPOINT WARNING * * *
The orc priest looks braver for a moment.
The orc closely misses you.
The orc priest invokes the aid of Beogh against you.
Beogh smites you!
You die...

######.....
#.........# #
#.........[
#.#.oo.....$.
##.##.######..
#...oo#
#..#.o# #.
#..######.. #
#..@.....<.
#.........#
#..#.......
#..#.######
....### #..#.#
.....# #..#.#
#....# #..#.#
#....#
#.#..#..#.####
#....#
#.#..#........


You could see an orc priest, an orc wizard and 2 orcs.

Vanquished Creatures
  Robin (D:2)
  3 adders (D:2)
  A gnoll (D:1)
  A worm (D:3)
  A dart slug (D:1)
  3 leopard geckos
  14 goblins
  6 hobgoblins
  A quokka (D:3)
  4 ball pythons
  4 bats (D:2)
  5 frilled lizards
  5 kobolds
  5 rats
54 creatures vanquished.

Notes
Turn   | Place    | Note
-------+----------+-------------------------------------------
     0 | D:1      | galech the Ogre Berserker began the quest for the Orb.
     0 | D:1      | Reached XP level 1. HP: 24/24 MP: 1/1
   226 | D:1      | Reached XP level 2. HP: 23/32 MP: 2/2
   362 | D:1      | Reached XP level 3. HP: 23/40 MP: 3/3
   809 | D:2      | Found a deep blue altar of Sif Muna.
   866 | D:2      | Found a sacrificial altar of Ru.
   866 | D:2      | Found a shattered altar of Ashenzari.
   869 | D:2      | Found a glowing golden altar of the Shining One.
   913 | D:2      | Reached ** piety under Trog
   941 | D:2      | Noticed Robin
   955 | D:2      | Killed Robin
   955 | D:2      | Reached XP level 4. HP: 49/49 MP: 4/4
  1221 | D:2      | Found a burning altar of Makhleb.
  2054 | D:2      | Noticed a green death
  2057 | D:2      | Noticed a hellwing
  2057 | D:2      | Noticed a smoke demon
  2223 | D:3      | Killed from afar by an orc priest

Vault maps used:
D:1:      roderic_octagonal_star
D:2:      grunt_temple_overflow_open, minmay_misc_feat_roman,
          makhleb_altar_promises_db, uniq_robin
D:3:      old_standard_altar

Skill      XL: |  1  2 |
---------------+-------+-----
Maces & Flails | 3 |  3.8
Dodging        | 3 |  3.5
Fighting       | |  4.7
Stealth        | |  0.2

Action                   |  1- 3 |  4- 6 || total
-------------------------+-------+-------++-------
Melee: Mace              |    84 |    71 ||   155
Invok: Berserk           |     2 |     2 ||     4
       Trog's Hand       |     1 |       ||     1
 Stab: Sleeping          |     1 |       ||     1
  Eat: Chunk             |     1 |     6 ||     7
       Ration            |       |     1 ||     1
Armor: Animal skin       |    22 |    28 ||    50
Dodge: Dodged            |    38 |    51 ||    89

Table legend:
 A = Spawn XP
 B = Non-spawn XP
 C = Spawn XP percentage of total XP
 D = Spawn monster count
 E = Non-spawn monster count
 F = Spawn count percentage of total count
 G = Total turns spent on level
                    A         B        C        D         E        F      G
               +---------+---------+-------+---------+---------+-------+---------
         Total |       0 |     156 |   0.0 |       0 |      54 |   0.0 |  2223
               +---------+---------+-------+---------+---------+-------+---------
           D:1 |       0 |      38 |   0.0 |       0 |      16 |   0.0 |   799
           D:2 |       0 |     108 |   0.0 |       0 |      35 |   0.0 |  1359
           D:3 |       0 |      10 |   0.0 |       0 |       3 |   0.0 |    65
               +---------+---------+-------+---------+---------+-------+---------
